 Dungeon Crawl Stone Soup version 0.28-a0-1002-gf00fe891ef (webtiles) character file.

Game seed: 2682934229303805142

19 Hipnos the Sneak (level 2, 0/14 HPs)
             Began as a Spriggan Brigand on Dec 6, 2021.
             Succumbed to a kobold's poison
             ... on level 1 of the Dungeon.
             The game lasted 00:00:30 (415 turns).

Hipnos the Sneak (Spriggan Brigand)                  Turns: 415, Time: 00:00:31

Health: 0/14       AC:  3    Str:  7    XL:     2   Next: 55%
Magic:  3/3        EV: 16    Int: 12    God:
Gold:   18         SH:  0    Dex: 16    Spells: 1/1 levels left

rFire   . . .      SeeInvis +   a - +2 dagger
rCold   . . .      Faith    .   (shield restricted)
rNeg    . . .      Spirit   .   b - +0 robe
rPois   .          Reflect  .   (helmet restricted)
rElec   .          Harm     .   c - +0 cloak
rCorr   .          Rampage  .   (gloves unavailable)
Will    .....                   (boots unavailable)
Stlth   +++.......              (no amulet)
HPRegen 0.04/turn               (no ring)
MPRegen 0.08/turn               (no ring)

@: lethally poisoned (0 -> -7), very quick
A: very small, no large weapons, unfitting armour, see invisible, speed 3
a: no special abilities


You were on level 1 of the Dungeon.
You visited 1 branch of the dungeon, and saw 1 of its levels.

You collected 18 gold pieces.

Inventory:

Hand Weapons
 a - a +2 dagger (weapon)
Missiles
 d - 8 poisoned darts (quivered)
 e - 2 curare-tipped darts
Armour
 b - a +0 robe (worn)
 c - a +0 cloak (worn)
Scrolls
 g - a scroll of identify {unknown}


   Skills:
 + Level 1.6 Fighting
 * Level 2.7 Short Blades
 * Level 2.0 Throwing
 + Level 1.3 Dodging
 * Level 6.7 Stealth


You had one spell level left.
You didn't know any spells.
Your spell library was empty.

Dungeon Overview and Level Annotations

Branches:
Dungeon (1/15)

Altars:


Innate Abilities, Weirdness & Mutations

You are very small and have problems with some larger weapons.
You are too small for most types of armour.
You have supernaturally acute eyesight. (SInv)
You cover ground extremely quickly. (Speed+++)


Message History

You hit the kobold.
The kobold is moderately wounded.
The kobold closely misses you.
You hit the kobold but do no damage.
The kobold is moderately wounded.
The rat bites you but does no damage.
You hit the kobold but do no damage.
The kobold is moderately wounded.
The rat bites you.
The kobold hits you with a +2 dagger of venom.
You are poisoned.
You hit the kobold.
The kobold is heavily wounded.
You feel sick. The kobold closely misses you. The rat barely misses you.
The kobold hits you with a +2 dagger of venom.
You are lethally poisoned!
You are too injured to fight recklessly!
You are too injured to fight recklessly!
You are too injured to fight recklessly!
You are too injured to fight recklessly!
You are too injured to fight recklessly!
You are too injured to fight recklessly!
You are too injured to fight recklessly!
You are too injured to fight recklessly!
You are too injured to fight recklessly!
You are too injured to fight recklessly!
You are too injured to fight recklessly!
You are too injured to fight recklessly!
You are too injured to fight recklessly!
You are too injured to fight recklessly!
You are too injured to fight recklessly!
You feel sick.
* * * LOW HITPOINT WARNING * * *
You feel sick.
* * * LOW HITPOINT WARNING * * *
You feel sick.
* * * LOW HITPOINT WARNING * * *
You feel sick.
It was a potion of cancellation.
You feel magically purged.
You die...

#.# #....##..#### #####
### ##.#.##..# .<..#
####.#.##..# ....#
#..........#
.88.###########.#.##.###.#
....#....................#
#''##..#.######......#####
.......#.# #....#.#
.......#.# #.@(...#
##.##.##.## ##...###
#.#......# #K..#
#........# #.K.#
###...##.# #r..#
###.#.##.# #J..#
#........# #...#
#.#........ ......
...#......... ......#


You could see an endoplasm, 2 kobolds and a rat.

Vanquished Creatures
  3 dart slugs (D:1)
  An endoplasm (D:1)
  2 goblins (D:1)
  A kobold (D:1)
  A quokka (D:1)
  3 ball pythons (D:1)
  2 bats (D:1)
13 creatures vanquished.

Notes
Turn   | Place    | Note
-------+----------+-------------------------------------------
     0 | D:1      | Hipnos the Spriggan Brigand began the quest for the Orb.
     0 | D:1      | Reached XP level 1. HP: 10/10 MP: 2/2
    10 | D:1      | Reached skill level 6 in Stealth
    52 | D:1      | Reached XP level 2. HP: 14/14 MP: 3/3
   415 | D:1      | Succumbed to a kobold's poison

Illustrated notes

Levels and vault maps discovered:
D:1:      sevenhm_arrival_forest_fort_small_6, layout_loops_cross

Skill      XL: |  1 |
---------------+----+-----
Stealth        | 6 |  6.7
Fighting       | |  1.6
Short Blades   | |  2.7
Throwing       | |  2.0
Dodging        | |  1.3

Action                   || total
-------------------------++-------
Melee: Dagger            ||    32
  Use: Potion            ||     1
 Stab: Sleeping          ||     7
Armor: Robe              ||     4
Dodge: Dodged            ||    13

Table legend: (Time is in decaauts)
 A = Elapsed time spent in this place.
 B = Non-inter-level travel time spent in this place.
 C = Inter-level travel time spent in this place.
 D = Time resting spent in this place.
 E = Time spent auto-exploring this place.
 F = Levels seen in this place.
 G = Mean time per level.
                   A        B        C        D        E       F      G
               +--------+--------+--------+--------+--------+-----+--------+
         Total |    346 |    346 |      0 |      0 |    284 |   1 |  346.0 |
       Dungeon |    346 |    346 |      0 |      0 |    284 |   1 |  346.0 |
               +--------+--------+--------+--------+--------+-----+--------+

Top non-repeatable levels by time:
     D:1: 346 daAuts
